Map: Miner Evacuation

Players

raincamp

  • Race: Terran Terran

raincamp

  • Race: Terran Terran
  • Spawn Location: 7:00

VOD

Have the link to the VOD?

Description

Time

  • Played on: Jan. 17, 2018, 11:05 a.m.
  • Length: 22:36
Show
View Real Time Build Order
Export as new Build Order

raincamp Terran 

Build Orders:  

Get SALT Encoding   

  12  0:05  Starport Tech Lab  
  12  0:08  SCV  
  13  0:25  SCV  
  13  0:27  Supply Depot  
  15  0:42  SCV  
  16  1:02  SCV  
  16  1:03  Assault Galleon  
  16  1:19  SCV  
  17  1:36  SCV  
  18  1:48  Assault Galleon  
  19  1:53  SCV  
  19  1:58  Refinery  
  20  2:10  SCV  
  20  2:23  Assault Galleon  
  20  2:27  SCV  
  22  2:44  SCV  
  22  2:52  Assault Galleon  
  23  3:01  SCV  
  23  3:15  Engineering Bay  
  23  3:18  SCV  
  24  3:35  SCV  
  24  3:36  Assault Galleon  
  26  3:51  Jetpack Overdrive  
  26  3:52  SCV  
  26  3:58  Supply Depot  
  26  4:05  Refinery  
  26  4:36  Reaper x4  
  26  4:39  Reaper  
  33  4:52  Reaper x3  
  33  4:53  Reaper x2  
  33  4:54  LE9 Cluster Charges  
  36  5:30  Command Center  
  36  5:47  Armory  
  37  5:51  SCV  
  37  6:09  Reaper x2  
  41  6:10  Reaper x3  
  41  6:19  Reaper x2  
  44  6:35  SCV  
  46  6:52  SCV  
  46  7:15  SCV  
  48  7:32  SCV  
  48  7:37  Multi-Threaded Sensors  
  48  7:42  Refinery  
  48  7:45  Refinery  
  48  7:49  SCV  
  43  8:06  SCV  
  45  8:21  Command Center  
  45  8:22  Horner Weapons Level 1  
  45  8:23  SCV  
  45  8:28  SCV  
  47  8:40  SCV, Tactical Jump  
  47  8:45  SCV  
  48  8:54  Supply Depot  
  48  8:57  SCV  
  50  9:02  SCV  
  50  9:03  Theia Raven  
  50  9:04  Theia Raven  
  55  9:11  Reaper x2  
  55  9:12  Reaper x3  
  55  9:14  SCV  
  55  9:19  SCV  
  61  9:21  Reaper x2  
  61  9:29  Theia Raven  
  65  9:31  SCV  
  65  9:35  SCV  
  66  9:48  SCV  
  68  9:52  SCV  
  68  10:05  SCV  
  68  10:08  Reaper  
  68  10:09  Reaper x4, SCV  
  75  10:16  Supply Depot  
  75  10:17  Supply Depot  
  75  10:19  Supply Depot  
  76  10:22  SCV  
  76  10:26  SCV  
  78  10:43  SCV  
  78  10:46  Reaper x5  
  83  10:56  Reaper x3  
  87  11:00  SCV  
  87  11:09  SCV  
  82  11:17  SCV  
  83  11:26  SCV  
  85  11:34  SCV  
  85  11:37  Reaper x2  
  85  11:38  Reaper x3  
  91  11:43  SCV  
  91  11:47  Reaper x3  
  91  11:48  Reaper x2  
  96  11:50  Horner Weapons Level 2  
  96  11:57  Reaper x2  
  98  12:03  Reaper  
  98  12:04  Reaper x2  
  98  12:07  Reaper x2  
  102  12:13  Reaper  
  102  12:14  Reaper x2  
  102  12:19  Supply Depot  
  105  12:22  Supply Depot  
  105  12:23  Reaper  
  105  12:24  Reaper x4  
  110  12:33  Reaper  
  110  12:34  Reaper x2  
  113  12:51  Theia Raven, Supply Depot  
  113  12:56  Supply Depot  
  113  13:11  Reaper  
  113  13:12  Reaper x4  
  118  13:21  Reaper  
  118  13:22  Reaper x3  
  118  13:58  SCV  
  115  14:05  Reaper x2  
  115  14:06  Reaper x2  
  118  14:15  Reaper x2, Assault Galleon  
  118  14:16  Reaper x2  
  119  14:25  Reaper x2  
  119  14:26  Reaper x2  
  122  14:35  Reaper x3  
  122  14:36  Reaper  
  126  14:44  Reaper  
  126  14:45  Reaper  
  126  14:46  Reaper x2  
  126  14:54  Reaper  
  126  14:55  Reaper  
  126  14:56  Reaper  
  117  15:14  Reaper  
  117  15:15  Reaper x3  
  121  15:24  Reaper x2  
  121  15:25  Reaper x2  
  125  15:34  Reaper x3  
  125  15:35  Reaper  
  129  15:44  Reaper x3  
  129  15:48  Horner Weapons Level 3  
  130  15:54  Reaper x2  
  130  15:55  Reaper x3  
  128  16:04  Reaper x3  
  128  16:05  Reaper x2  
  133  16:14  Reaper x3  
  133  16:15  Reaper x2  
  138  16:24  Reaper x3  
  138  16:25  Reaper x2  
  140  16:33  Reaper  
  140  16:38  Reaper  
  140  16:39  Reaper x3  
  145  16:43  Reaper  
  145  16:48  Reaper  
  145  16:49  Reaper  
  148  17:09  Reaper  
  148  17:10  Reaper x3  
  148  17:11  Reaper  
  148  17:17  Trigger Override  
  148  17:19  Reaper  
  153  17:20  Reaper x4  
  153  17:29  Reaper  
  156  17:30  Reaper x4  
  156  17:39  Reaper  
  159  17:40  Reaper x4  
  159  17:49  Reaper  
  163  17:50  Reaper x2  
  165  18:15  Reaper  
  165  18:16  Reaper x4  
  170  18:20  Unregistered Cloak System  
  170  18:25  Reaper  
  170  18:26  Reaper x4  
  175  18:35  Reaper  
  175  18:36  Reaper x4  
  179  18:45  Reaper  
  179  18:46  Reaper x3  
  178  19:05  Reaper x4  
  181  19:10  Horner Armor Level 1  
  181  19:15  Supply Depot  
  178  19:37  Reaper  
  178  19:38  Reaper x4  
  183  19:47  Reaper  
  183  19:48  Reaper x4  
  187  19:57  Reaper  
  187  19:58  Reaper x4  
  176  20:16  Asteria Wraith x2  
  176  20:19  Asteria Wraith x2  
  192  20:27  Reaper  
  192  20:28  Reaper x4  
  197  20:37  Reaper  
  197  20:38  Reaper x4  
  200  20:47  Reaper  
  200  20:48  Reaper  
  190  21:11  Reaper  
  190  21:12  Reaper  
  190  21:13  Reaper x2  
  190  21:14  Reaper  
  174  21:21  Reaper  
  174  21:22  Reaper  
  174  21:23  Reaper  
  143  21:43  Reaper  
  143  21:44  Reaper x4  
  143  21:53  Reaper  
  143  21:54  Reaper x4  
  107  22:03  Reaper  
  107  22:04  Reaper x4  
Show
View Real Time Build Order
Export as new Build Order

raincamp Terran 

Build Orders:  

Get SALT Encoding   

  12  0:10  SCV  
Tags
 
Add a new tag
Caveats
  • Supply blocks, unpowered buildings, or Contaminate may cause inaccurate times.
  • Supply counts are checked every 10 seconds.